 Dungeon Crawl Stone Soup version 0.21.1-1-g345015f (webtiles) character file.

132 Tallim the Skirmisher (level 4, -6/35 HPs)
             Began as a Mummy Monk on July 2, 2018.
             Killed from afar by Tallim's ghost (9 damage)
             ... with a zap
             ... on level 3 of the Dungeon.
             The game lasted 00:05:27 (2325 turns).

Tallim the Skirmisher (Mummy Monk)                  Turns: 2325, Time: 00:05:28

Health: -6/35      AC:  9    Str: 15    XL:     4   Next: 92%
Magic:  5/5        EV:  7    Int:  9    God:
Gold:   120        SH:  0    Dex: 14    Spells: 4/4 levels left

rFire    x . .     SeeInvis .   i - +5 short sword
rCold    + . .     Gourm    .   (no shield)
rNeg     + + +     Faith    .   d - +0 chain mail
rPois    ∞         Spirit   .   j - +0 helmet
rElec    .         Reflect  .   (no cloak)
rCorr    .         Harm     .   (no gloves)
MR       .....                  (no boots)
Stlth    ..........             (no amulet)
HPRegen  0.11/turn              (no ring)
MPRegen  0.09/turn              (no ring)

@: no status effects
A: no food or potions, fire vulnerability, cold resistance 1, negative energy
resistance 3, torment resistance, unbreathing
a: no special abilities


You were on level 3 of the Dungeon.
You were not hungry.

You visited 1 branch of the dungeon, and saw 3 of its levels.

You collected 120 gold pieces.

Inventory:

Hand Weapons
 a - a +0 hand axe
 i - a +5 short sword (weapon)
Armour
 b - a +0 robe
 d - a +0 chain mail (worn)
 j - a +0 helmet (worn)
Jewellery
 f - an uncursed ring of ice {unknown}
Scrolls
 c - a scroll of immolation {unknown}
 e - 4 scrolls of identify
 g - a scroll of remove curse
 h - 2 scrolls of blinking {unknown}


   Skills:
 - Level 3.4 Fighting
 + Level 3.1 Short Blades
 - Level 2.7 Axes
 - Level 2.4 Dodging
 - Level 1.5 Stealth
 - Level 0.9 Spellcasting


You had 4 spell levels left.
You didn't know any spells.

Dungeon Overview and Level Annotations

Branches:
Dungeon (3/15)

Altars:

Annotations:
D:3 Tallim's ghost, amateur DrAE


Innate Abilities, Weirdness & Mutations

You do not eat or drink.
Your flesh is vulnerable to fire.
You are immune to poison.
Your flesh is cold resistant. (rC+)
You are immune to negative energy. (rN+++)
You are immune to unholy pain and torment.
You can survive without breathing.


Message History

Tallim's ghost gestures at you while chanting.
The zap hits you!
* * * LOW HITPOINT WARNING * * *
Found a mace.
A frilled lizard comes into view.
The frilled lizard hisses angrily.
You see here a mace.
The frilled lizard hisses.
You closely miss the frilled lizard.
Tallim's ghost points at you and mumbles some strange words.
The zap hits you!
* * * LOW HITPOINT WARNING * * *
The frilled lizard barely misses you.
You hit the frilled lizard.
You kill the frilled lizard!
Found a mace.
Found a stone staircase leading down.
Tallim's ghost gestures at you while chanting.
The zap hits you!
You die...

###############...
####
#....W..W..†......
...#
#.#######.########
.#.#####.# #.#
.#.......# #.#
.######### #.# .#
#@# .###### #.#
........ ..#
........ ....
#######. P.)##
#..> #... #... #


You could see Tallim's ghost.

Vanquished Creatures
  A jelly (D:2)
  4 adders
  A dart slug (D:1)
  5 leopard geckos
  6 orcs (D:3)
  3 giant cockroaches
  5 goblins
  4 hobgoblins
  6 jackals (D:3)
  2 kobolds
  2 bats
  3 frilled lizards
  7 rats
49 creatures vanquished.

Vanquished Creatures (others)
  An orc (D:3)
  A bat (D:3)
  2 kobolds (D:3)
4 creatures vanquished.

Grand Total: 53 creatures vanquished

Notes
Turn   | Place    | Note
-------+----------+-------------------------------------------
     0 | D:1      | Tallim the Mummy Monk began the quest for the Orb.
     0 | D:1      | Reached XP level 1. HP: 18/18 MP: 1/1
    80 | D:1      | Reached XP level 2. HP: 11/24 MP: 1/3
  1076 | D:2      | Reached XP level 3. HP: 24/29 MP: 4/4
  1196 | D:2      | Reached skill level 1 in Short Blades
  1856 | D:3      | Reached XP level 4. HP: 35/35 MP: 5/5
  1948 | D:3      | Noticed Tallim's ghost (amateur DrAE)
  2325 | D:3      | Killed from afar by Tallim's ghost

Skill      XL: |  1  2  3  4 |
---------------+-------------+-----
Short Blades   | 2 3 |  3.1
Fighting       | |  3.4
Axes           | |  2.7
Dodging        | |  2.4
Stealth        | |  1.5
Spellcasting   | |  0.9

Action                   |  1- 3 |  4- 6 || total
-------------------------+-------+-------++-------
Melee: Hand axe          |    63 |       ||    63
       Short sword       |    68 |    57 ||   125
  Use: Scroll            |     5 |       ||     5
Armor: Chain mail        |    54 |    51 ||   105
Dodge: Dodged            |    45 |    25 ||    70
